 Dungeon Crawl Stone Soup version 0.29.1-13-g9f3cf754e1 (webtiles) character file.

Game seed: 14313620118196749530

107 Thatpatchoflichen the Trooper (level 4, -6/37 HPs)
             Began as a Demonspawn Fighter on Feb 4, 2023.
             Mangled by an orc priest
             ... wielding a +0 flail
              (8 damage)
             ... on level 3 of the Dungeon.
             The game lasted 00:04:03 (3604 turns).

Thatpatchoflichen the Trooper (Demonspawn Fighter)  Turns: 3604, Time: 00:04:04

Health: -6/37      AC:  6    Str: 16    XL:     4   Next: 57%
Magic:  4/4        EV:  8    Int:  9    God:
Gold:   109        SH:  5    Dex: 17    Spells: 3/3 levels left

rFire   . . .      SeeInvis .   a - +0 long sword
rCold   . . .      Faith    .   c - +0 buckler
rNeg    . . .      Spirit   .   b - +0 scale mail
rPois   .          Reflect  .   (no helmet)
rElec   .          Harm     .   (no cloak)
rCorr   .          Rampage  .   (no gloves)
Will    .....                   (no boots)
Stlth   +.........              (no amulet)
HPRegen 0.12/turn               (no ring)
MPRegen 0.09/turn               (no ring)

@: no status effects
A: claws 1, thin skeletal structure 1
a: no special abilities


You were on level 3 of the Dungeon.
You visited 1 branch of the dungeon, and saw 3 of its levels.

You collected 109 gold pieces.

Inventory:

Hand Weapons
 a - a +0 long sword (weapon)
Missiles
 h - 6 poisoned darts (quivered)
Armour
 b - a +0 scale mail (worn)
 c - a +0 buckler (worn)
Scrolls
 e - a scroll of amnesia {unknown}
 f - 6 scrolls of identify {unknown}
 g - a scroll of noise {unknown}
 k - a scroll of acquirement {unknown}
 m - 2 scrolls of enchant weapon {unknown}
 o - a scroll of blinking {unknown}
Potions
 d - a potion of might
 i - 2 potions of mutation {unknown}
 j - a potion of attraction {unknown}
 l - a potion of degeneration {unknown}
 n - a potion of brilliance {unknown}


   Skills:
 + Level 3.7 Fighting
 + Level 2.7 Long Blades
 + Level 3.3 Armour
 + Level 3.3 Shields


You had 3 spell levels left.
You didn't know any spells.
Your spell library contained the following spells:

 Spells                   Type           Power      Damage    Failure   Level
 Foxfire                  Conj/Fire      0%         2x1d4     88%         1
 Static Discharge         Conj/Air       0%         3-3/arc   96%         2
 Summon Guardian Golem    Hex/Summ       0%         N/A       99%         3
 Orb of Destruction       Conj           0%         9d5       100%        7
 Spellforged Servitor     Conj/Summ      0%         N/A       100%        7


Dungeon Overview and Level Annotations

Branches:
Dungeon (3/15)

Altars:

Shops:
D:2 :   D:3 ?


Innate Abilities, Weirdness & Mutations

You have sharp fingernails.
You have a somewhat thin skeletal structure. (Dex +2, Stealth+)


Message History

You block the orc's attack.
You slash the orc!
You kill the orc!
You hit the orc priest but do no damage.
The orc priest invokes the aid of Beogh against you.
Pain shoots through your body!
The orc priest hits you with a +0 flail.
You closely miss the orc priest. The orc priest closely misses you.
You closely miss the orc priest.
The orc priest hits you but does no damage.
You hit the orc priest but do no damage.
You block the orc priest's attack.
The orc priest begins to cast a cantrip, but forgets the words!
You hit the orc priest but do no damage.
The orc priest calls down the wrath of Beogh upon you.
Pain shoots through your body!
* * * LOW HITPOINT WARNING * * *
You hit the orc priest.
The orc priest is moderately wounded.
The orc priest looks encouraged for a moment.
You hit the orc priest.
The orc priest is severely wounded.
The orc priest hits you with a +0 flail.
* * * LOW HITPOINT WARNING * * *
The orc priest closely misses you.
You closely miss the orc priest.
The orc priest is severely wounded.
You block the orc priest's attack.
You barely miss the orc priest.
The orc priest is severely wounded.
The orc priest barely misses you.
You hit the orc priest but do no damage.
The orc priest is severely wounded.
The orc priest hits you with a +0 flail.
* * * LOW HITPOINT WARNING * * *
You block the orc priest's attack.
You barely miss the orc priest.
The orc priest is severely wounded.
The orc priest hits you with a +0 flail!
You die...

#....##. .........#
##.o....# #######..# ##
#...o...# #..#### #..
......# ###..##.. ..
#.).#########..†.##.#
#.#..............)###.#
#....##########.### #.#
####.##### #.# #.#
#.o@..# #.# #.# #.###)#
#.# #.# #.# #.# #.# #.#
#.# #)# #.# #.# #.# #.#
#.# #.. #.# #)#
#.#######
#.###.######.#......
#...................
####......>....#####


You could see an orc priest.

Vanquished Creatures
  Robin (D:3)
  2 adders (D:3)
  2 dart slugs (D:1)
  3 orcs
  3 bats
  7 endoplasms
  2 giant cockroaches (D:1)
  11 goblins
  7 hobgoblins
  6 kobolds
  3 quokkas
  8 ball pythons
  2 frilled lizards (D:1)
  5 rats
62 creatures vanquished.

Vanquished Creatures (others)
  A goblin (D:1)
  A plant (D:2)
2 creatures vanquished.

Grand Total: 64 creatures vanquished

Notes
Turn   | Place    | Note
-------+----------+-------------------------------------------
     0 | D:1      | Thatpatchoflichen the Demonspawn Fighter began the quest
                  | for the Orb.
     0 | D:1      | Reached XP level 1. HP: 18/18 MP: 1/1
   280 | D:1      | Gained mutation: You have sharp fingernails. [demonic
                  | ancestry]
   280 | D:1      | Reached XP level 2. HP: 18/24 MP: 2/2
  1384 | D:1      | Reached XP level 3. HP: 23/29 MP: 3/3
  2590 | D:2      | Found a faded altar of an unknown god.
  2737 | D:2      | Found Pighomoh's Book Emporium.
  3237 | D:3      | Gained mutation: You have a somewhat thin skeletal
                  | structure. (Dex +2, Stealth+) [demonic ancestry]
  3237 | D:3      | Reached XP level 4. HP: 24/36 MP: 4/4
  3366 | D:3      | Found Gelosiaj's Magic Scroll Boutique.
  3513 | D:3      | Got the Essays on Confrontation
  3524 | D:3      | Noticed Robin
  3552 | D:3      | Killed Robin
  3604 | D:3      | Mangled by an orc priest

Illustrated notes

Levels and vault maps discovered:
D:1:      psy_arrival_spokes, layout_basic, minmay_misc_feat_encased,
          minmay_ruptured
D:2:      layout_basic, serial_shops, shop, shapermc_ecumenical_altar_acropolis
D:3:      layout_loops_ring, serial_shops, shop, chequers_serial_rivers_small_b,
          uniq_robin

Skill      XL: |  1  2 |
---------------+-------+-----
Long Blades    | 2 |  2.7
Shields        | 3 |  3.3
Armour         | 3 |  3.3
Fighting       | |  3.7

Action                   |  1- 3 |  4- 6 || total
-------------------------+-------+-------++-------
Melee: Long sword        |   165 |    58 ||   223
Armor: Scale mail        |   111 |    20 ||   131
Dodge: Dodged            |    77 |    28 ||   105
Block: Buckler           |    44 |    16 ||    60
